 Dungeon Crawl Stone Soup version 0.21.1-1-g345015f (webtiles) character file.

973 relionnb the Insei (level 8, -6/60 HPs)
             Began as a Gnoll Transmuter on Mar 2, 2018.
             Was a Follower of Qazlal.
             Killed from afar by a centaur (16 damage)
             ... with a wand of acid (9)
             ... on level 6 of the Dungeon.
             The game lasted 00:56:02 (6719 turns).

relionnb the Insei (Gnoll Transmuter)               Turns: 6719, Time: 00:56:06

Health: -6/60      AC:  3    Str: 12    XL:     8   Next: 16%
Magic:  14/15      EV: 17    Int: 18    God:    Qazlal [*.....]
Gold:   609        SH:  1    Dex: 22    Spells: 8/18 levels left

rFire    + . .     SeeInvis .   i - +5 trident "Peith" {pierce, Dex+2 Stlth+}
rCold    + . .     Gourm    .   (no shield)
rNeg     + . .     Faith    .   L - +0 robe {rN+}
rPois    .         Spirit   .   (no helmet)
rElec    .         Reflect  .   o - +0 cloak
rCorr    .         Harm     .   p - +0 pair of gloves
MR       .....                  s - +2 pair of boots {Fly}
Stlth    ++++......             (no amulet)
HPRegen  0.20/turn              q - ring of protection from fire
MPRegen  0.14/turn              z - ring of protection from cold

@: corroded, flying
A: distributed training, fangs 1, thin skeletal structure 1, clever 1, low mp 1,
wild magic 1, strong nose
a: Renounce Religion, Stop Flying


You were on level 6 of the Dungeon.
You worshipped Qazlal.
Qazlal was aware of your devotion.
You were not hungry.

You visited 2 branches of the dungeon, and saw 7 of its levels.
You also visited: Sewer and Ossuary.

You collected 609 gold pieces.

Inventory:

Hand Weapons
 e - a +0 mace
 i - the +5 trident "Peith" (weapon) {pierce, Dex+2 Stlth+}
   (You found it on level 5 of the Dungeon)

   It inflicts extra damage upon your enemies.
   It affects your dexterity (+2).
   It makes you more stealthy.
 j - a +1 hunting sling
 n - a +0 hand axe
 x - a +0 falchion
 A - a +0 blowgun
 B - a +0 short sword
 H - a +0 flail
 M - a +2 whip of freezing
Missiles
 a - 49 arrows
 f - 12 bolts
 h - 169 stones
 r - 79 sling bullets
 C - 19 poisoned needles (quivered)
 D - 3 poisoned tomahawks
Armour
 b - a +0 robe
 g - a +0 pair of gloves
 m - a +0 leather armour
 o - a +0 cloak (worn)
 p - a +0 pair of gloves (worn)
 s - a +2 pair of boots of flying (worn)
 w - a -1 scale mail
 y - a +0 leather armour
 I - a +4 ring mail
 L - a +0 robe of positive energy (worn)
 N - a +0 robe of cold resistance
 W - a +1 pair of boots
Jewellery
 q - a ring of protection from fire (left hand)
 z - a ring of protection from cold (right hand)
 O - an uncursed ring of ice {unknown}
Wands
 l - a wand of flame (24)
Scrolls
 k - a scroll of enchant armour {unknown}
 t - a scroll of noise {unknown}
 u - a scroll of teleportation
 E - a scroll of fear
 F - 2 scrolls of identify
 G - a scroll of immolation {unknown}
 J - a scroll of amnesia
 S - 2 scrolls of magic mapping {unknown}
Potions
 v - a potion of brilliance {unknown}
 K - 2 potions of heal wounds
 P - a potion of mutation
 Q - 2 potions of flight
 R - a potion of degeneration {unknown}
 T - a potion of might {unknown}
 V - a potion of invisibility {unknown}
Books
 c - a book of Changes

   Spells                             Type                      Level
   a - Beastly Appendage              Transmutation                1
   b - Sticks to Snakes               Transmutation                2
   c - Spider Form                    Transmutation/Poison         3
   d - Ice Form                       Ice/Transmutation            4
   e - Blade Hands                    Transmutation                5
Comestibles
 d - 5 rations


   Skills:
 + Level 4.0 Fighting
 + Level 3.0 Short Blades
 + Level 3.0 Long Blades
 + Level 3.0 Axes
 + Level 3.0 Maces & Flails
 + Level 3.0 Polearms
 + Level 3.0 Staves
 + Level 3.0 Slings
 + Level 3.0 Bows
 + Level 3.0 Crossbows
 + Level 3.0 Throwing
 + Level 3.0 Armour
 + Level 5.5 Dodging
 + Level 3.0 Stealth
 + Level 3.0 Shields
 + Level 7.2 Unarmed Combat
 + Level 5.8 Spellcasting
 + Level 2.4 Conjurations
 + Level 2.4 Hexes
 + Level 2.4 Charms
 + Level 2.4 Summonings
 + Level 2.4 Necromancy
 + Level 2.4 Translocations
 + Level 4.5 Transmutations
 + Level 2.4 Fire Magic
 + Level 2.4 Ice Magic
 + Level 2.4 Air Magic
 + Level 2.4 Earth Magic
 + Level 2.4 Poison Magic
 + Level 3.2 Invocations
 + Level 3.0 Evocations


You had 8 spell levels left.
You knew the following spells:

 Your Spells              Type           Power        Failure   Level  Hunger
a - Beastly Appendage     Tmut           ####..       3%          1    None
b - Sticks to Snakes      Tmut           ####....     4%          2    None
c - Spider Form           Tmut/Pois      ###.......   13%         3    ##.....
d - Ice Form              Ice/Tmut       ###.....     36%         4    ####...


Dungeon Overview and Level Annotations

Branches:
Dungeon (6/15)             Temple (1/1) D:6

Altars:
Ashenzari
Cheibriados
Elyvilon
Fedhas
Gozag
Nemelex Xobeh
Okawaru
Qazlal
Ru
Sif Muna
Trog
Uskayaw
Vehumet
Xom
Yredelemnul
The Shining One


Innate Abilities, Weirdness & Mutations

Your experience applies equally to all skills.
You have very sharp teeth.
Your uncanny sense of smell can sniff out nearby items.
You have a somewhat thin skeletal structure. (Dex +2, Stealth)
Your mind is acute. (Int +2)
Your magical capacity is low. (-10% MP)
Your spells are a little harder to cast, but a little more powerful.


Message History

You hit the gnoll.
The gnoll is heavily wounded.
The centaur zaps a wand.
The bolt of acid hits the gnoll.
The gnoll is splashed with acid.
The acid corrodes the gnoll!
The gnoll dies!
Your Short Blades skill increases to level 3!
Your Long Blades skill increases to level 3!
Your Axes skill increases to level 3!
Your Maces & Flails skill increases to level 3!
Your Polearms skill increases to level 3!
Your Staves skill increases to level 3!
Your Slings skill increases to level 3!
Your Bows skill increases to level 3!
Your Crossbows skill increases to level 3!
Your Throwing skill increases to level 3!
Your Armour skill increases to level 3!
Your Stealth skill increases to level 3!
Your Shields skill increases to level 3!
Your Evocations skill increases to level 3!
The bolt of acid hits you!
You die...

### ... ## # ###
### . .#..
#.##.####### ###
#####.#...#.....
..# .....g.(....#
''## ......#gc§###
...## ########(##
....## #@#
.##..### #.#
§.#..'.#########.#
.≈...'...........#
#.#..#############
....## ...## ''##
..#


You could see a centaur and a gnoll.

Vanquished Creatures
  A big kobold (Sewer)
  An elf zombie (Ossuary)
  A bullfrog (D:6)
  A quasit (D:6)
  A human zombie (Ossuary)
  A centaur skeleton (D:5)
  7 orc wizards
  A bullfrog skeleton (D:5)
  2 worker ants (D:5)
  2 iguanas
  4 big kobold zombies (Ossuary)
  2 mummies (Ossuary)
  6 gnolls
  4 adders
  A river rat (Sewer)
  A shadow imp (D:5)
  An adder skeleton (D:5)
  4 worms
  A dart slug (D:1)
  4 leopard geckos
  17 orcs
  4 giant cockroaches
  A gnoll zombie (Ossuary)
  5 goblins
  10 hobgoblins
  13 jackals
  A quokka (D:5)
  12 bats
  9 frilled lizards
  2 goblin zombies (Ossuary)
  2 hobgoblin zombies (Ossuary)
  A jackal skeleton (D:2)
  11 kobolds
  3 orc zombies (Ossuary)
  16 rats
153 creatures vanquished.

Vanquished Creatures (collateral kills)
  2 orcs (D:5)
2 creatures vanquished.

Vanquished Creatures (others)
  A gnoll (D:6)
1 creature vanquished.

Grand Total: 156 creatures vanquished

Notes
Turn   | Place    | Note
-------+----------+-------------------------------------------
     0 | D:1      | relionnb the Gnoll Transmuter began the quest for the Orb.
     0 | D:1      | Reached XP level 1. HP: 17/17 MP: 6/6
   166 | D:1      | Reached XP level 2. HP: 18/23 MP: 7/7
   605 | D:1      | Reached XP level 3. HP: 26/28 MP: 9/9
   630 | D:1      | Reached skill level 5 in Spellcasting
   724 | D:1      | Learned a level 2 spell: Sticks to Snakes
   728 | D:1      | Learned a level 3 spell: Spider Form
  1187 | D:1      | Reached skill level 1 in Invocations
  1619 | D:2      | Reached skill level 1 in Short Blades
  1619 | D:2      | Reached skill level 1 in Long Blades
  1619 | D:2      | Reached skill level 1 in Axes
  1619 | D:2      | Reached skill level 1 in Maces & Flails
  1619 | D:2      | Reached skill level 1 in Polearms
  1619 | D:2      | Reached skill level 1 in Staves
  1619 | D:2      | Reached skill level 1 in Slings
  1619 | D:2      | Reached skill level 1 in Bows
  1619 | D:2      | Reached skill level 1 in Crossbows
  1619 | D:2      | Reached skill level 1 in Throwing
  1619 | D:2      | Reached skill level 1 in Armour
  1619 | D:2      | Reached skill level 1 in Stealth
  1619 | D:2      | Reached skill level 1 in Shields
  1619 | D:2      | Reached skill level 1 in Evocations
  1619 | D:2      | Reached XP level 4. HP: 29/34 MP: 11/11
  2361 | D:3      | Gained mutation: Your magical capacity is low. (-10% MP) [potion of mutation]
  2361 | D:3      | Gained mutation: Your spells are a little harder to cast, but a little more powerful. [potion of mutation]
  2361 | D:3      | Gained mutation: Your mind is acute. (Int +2) [potion of mutation]
  2361 | D:3      | Gained mutation: You have a somewhat thin skeletal structure. (Dex +2, Stealth) [potion of mutation]
  2526 | D:3      | Reached skill level 1 in Conjurations
  2526 | D:3      | Reached skill level 1 in Hexes
  2526 | D:3      | Reached skill level 1 in Charms
  2526 | D:3      | Reached skill level 1 in Summonings
  2526 | D:3      | Reached skill level 1 in Necromancy
  2526 | D:3      | Reached skill level 1 in Translocations
  2526 | D:3      | Reached skill level 1 in Fire Magic
  2526 | D:3      | Reached skill level 1 in Ice Magic
  2526 | D:3      | Reached skill level 1 in Air Magic
  2526 | D:3      | Reached skill level 1 in Earth Magic
  2526 | D:3      | Reached skill level 1 in Poison Magic
  3024 | D:3      | Reached XP level 5. HP: 40/40 MP: 11/11
  3887 | D:3      | You are sucked into a shaft!
  3895 | D:4      | Learned a level 4 spell: Ice Form
  4100 | D:4      | Reached XP level 6. HP: 30/47 MP: 12/12
  4132 | D:4      | Found a shattered altar of Ashenzari.
  4285 | D:4      | Found a sand-covered staircase.
  4290 | Ossuary  | Entered an ossuary
  4372 | Ossuary  | Reached skill level 5 in Dodging
  4407 | Ossuary  | Reached XP level 7. HP: 22/52 MP: 13/13
  4525 | D:4      | Found a glowing drain.
  4545 | Sewer    | Entered a sewer
  4630 | Sewer    | Reached skill level 7 in Unarmed Combat
  4735 | Sewer    | Found a glowing silver altar of Zin.
  4863 | D:4      | Found a stormy altar of Qazlal.
  4866 | D:4      | Noticed a fire elemental
  4866 | D:4      | Noticed a water elemental
  4866 | D:4      | Noticed an air elemental
  4880 | D:4      | Became a worshipper of Qazlal Stormbringer
  5355 | D:5      | Entered Level 5 of the Dungeon
  5502 | D:5      | Found a shattered altar of Ashenzari.
  5549 | D:5      | Found a deep blue altar of Sif Muna.
  5550 | D:5      | Found a bloodstained altar of Trog.
  6190 | D:5      | Got a dazzling trident
  6191 | D:5      | Identified the +5 trident "Peith" {pierce, Dex+2 Stlth+} (You found it on level 5 of the Dungeon)
  6434 | D:6      | Reached * piety under Qazlal
  6444 | D:6      | Reached XP level 8. HP: 60/60 MP: 15/15
  6506 | D:6      | Found a staircase to the Ecumenical Temple.
  6537 | Temple   | Entered the Ecumenical Temple
  6719 | D:6      | Killed from afar by a centaur

Skill      XL: |  1  2  3  4  5  6  7  8 |
---------------+-------------------------+-----
Spellcasting   | 5 |  5.8
Invocations    | 1 2 3 |  3.2
Short Blades   | 1 2 3 |  3.0
Long Blades    | 1 2 3 |  3.0
Axes           | 1 2 3 |  3.0
Maces & Flails | 1 2 3 |  3.0
Polearms       | 1 2 3 |  3.0
Staves         | 1 2 3 |  3.0
Slings         | 1 2 3 |  3.0
Bows           | 1 2 3 |  3.0
Crossbows      | 1 2 3 |  3.0
Throwing       | 1 2 3 |  3.0
Armour         | 1 2 3 |  3.0
Stealth        | 1 2 3 |  3.0
Shields        | 1 2 3 |  3.0
Evocations     | 1 2 3 |  3.0
Conjurations   | 1 2 |  2.4
Hexes          | 1 2 |  2.4
Charms         | 1 2 |  2.4
Summonings     | 1 2 |  2.4
Necromancy     | 1 2 |  2.4
Translocations | 1 2 |  2.4
Fire Magic     | 1 2 |  2.4
Ice Magic      | 1 2 |  2.4
Air Magic      | 1 2 |  2.4
Earth Magic    | 1 2 |  2.4
Poison Magic   | 1 2 |  2.4
Fighting       | 3 4 |  4.0
Transmutations | 4 |  4.5
Dodging        | 5 |  5.5
Unarmed Combat | 7 |  7.2

Action                   |  1- 3 |  4- 6 |  7- 9 || total
-------------------------+-------+-------+-------++-------
Melee: Mace              |    72 |       |       ||    72
       Bite              |    14 |    44 |    19 ||    77
       Punch             |     1 |     7 |     8 ||    16
       Unarmed           |    71 |   251 |   159 ||   481
       Headbutt          |     1 |    14 |     3 ||    18
       Blowgun           |       |     9 |       ||     9
       Trident           |       |       |    32 ||    32
 Fire: Blowgun           |       |    10 |       ||    10
Throw: Stone             |       |     1 |     1 ||     2
 Cast: Beastly Appendage |     1 |     3 |       ||     4
       Spider Form       |     1 |       |       ||     1
       Sticks to Snakes  |       |       |     2 ||     2
  Use: Potion            |     2 |     4 |     7 ||    13
       Scroll            |     1 |     4 |     4 ||     9
 Stab: Sleeping          |     3 |     1 |     1 ||     5
       Distracted        |     1 |       |     1 ||     2
  Eat: Chunk             |     3 |     4 |     4 ||    11
       Ration            |       |     1 |     2 ||     3
Armor: Robe              |    47 |     8 |    33 ||    88
       Scale mail        |       |   100 |    23 ||   123
Dodge: Dodged            |   148 |   124 |   134 ||   406
Block: Other             |       |       |     3 ||     3
